 Dungeon Crawl Stone Soup version 0.31-a0-983-g7b6862f502 (webtiles) character file.

Game seed: 17522614060073731241

223 dialectric the Trooper (level 5, -3/42 HPs)
             Began as a Demonspawn Fighter on Nov 2, 2023.
             Slain by an orc
             ... wielding a +0 falchion
              (7 damage)
             ... on level 3 of the Dungeon.
             The game lasted 00:03:25 (1727 turns).

dialectric the Trooper (Demonspawn Fighter)         Turns: 1727, Time: 00:03:26

Health: -3/42      AC:  9    Str: 16    XL:     5   Next: 66%
Magic:  5/5        EV: 10    Int:  9    God:
Gold:   42         SH:  0    Dex: 15    Spells: 4/4 levels left

rFire   . . .        a - +0 flail
rCold   . . .        (no shield)
rNeg    . . .        b - +0 scale mail
rPois   .            (no helmet)
rElec   .            n - +0 cloak
rCorr   .            e - +0 pair of gloves
SInv    .            (no boots)
Will    .....        (no amulet) Stlth
                     (no ring)
HPRegen 0.27/turn    (no ring)
MPRegen 0.09/turn

%: no passive effects
@: hasted, very quick
A: foul stench 1
a: no special abilities


You were on level 3 of the Dungeon.
You visited 1 branch of the dungeon, and saw 3 of its levels.
You also visited: Sewer.

You collected 42 gold pieces.

Inventory:

Hand Weapons
 a - a +0 flail (weapon)
 l - a +3 short sword
Missiles
 g - 6 poisoned darts (quivered)
Armour
 b - a +0 scale mail (worn)
 c - a +0 buckler
 e - a +0 pair of gloves (worn)
 n - a +0 cloak (worn)
Scrolls
 d - a scroll of enchant armour
 f - 3 scrolls of identify
 h - a scroll of immolation {unknown}


   Skills:
 + Level 3.8 Fighting
 + Level 3.7 Maces & Flails
 + Level 3.6 Armour
 * Level 1.8 Dodging
 - Level 2.7 Shields


You had 4 spell levels left.
You didn't know any spells.
Your spell library was empty.

Dungeon Overview and Level Annotations

Branches:
Dungeon (3/15)              Sewer (visited)

Altars:

Shops:
D:3 ?


Innate Abilities, Weirdness & Mutations

You may rarely emit foul miasma when damaged in melee.


Message History

Something tries to affect you, but you resist.
The bat hits you but does no damage.
There is an entrance to Pagyddep's Magic Scroll Emporium here.
The bat closely misses you. The orc barely misses you.
The bat hits you but does no damage.
You bump into the rock wall.
The orc wizard points at you and mumbles some strange words.
You resist with some effort.
You bump into the rock wall.
The orc wizard hits you with a +0 dagger.
Something hits you but does no damage. The orc hits you with a +0 falchion.
Unknown command.
You barely miss something.
The orc wizard hits you but does no damage.
The orc hits you but does no damage. Something hits you but does no damage.
The orc priest barely misses you.
You hit the orc wizard but do no damage.
The orc wizard is severely wounded.
You feel less confused.
The orc wizard gestures wildly while chanting.
The orc wizard flickers and vanishes!
The orc barely misses you. Something hits you.
The orc priest hits you with a +0 hand axe.
You feel yourself speed up. Something hits you.
* * * LOW HITPOINT WARNING * * *
Something hits you but does no damage. The orc barely misses you.
The orc priest hits you with a +0 hand axe.
* * * LOW HITPOINT WARNING * * *
Unknown command.
You miss something.
Something hits you but does no damage. x2
The orc hits you with a +0 falchion.
* * * LOW HITPOINT WARNING * * *
The orc priest closely misses you.
You hit something.
You hear some strange, mumbled words.
A magic dart appears from out of thin air!
The magic dart hits you.
* * * LOW HITPOINT WARNING * * *
Something hits you but does no damage. The orc hits you with a +0 falchion!
You die...

#.......#†#
#.......#.#
##.....##.# #.....##.#
##.....##.#
#.........#
+.........+ # ###
#.........#####.#....
#..........bo@#......
.............{{o......
..............o##.....
..#...##.......# ....
#... #.......# ###
'...'........#
#...##.#####... # #.
#..... #. #......#


You could see an orc priest, 2 orcs and a bat.

Vanquished Creatures
  3 jellies
  An iguana (D:3)
  3 river rats (Sewer)
  3 adders
  2 worms
  3 bats (D:2)
  7 endoplasms
  2 giant cockroaches (Sewer)
  3 goblins
  3 hobgoblins
  2 jackals (D:2)
  7 kobolds
  6 ball pythons
  3 frilled lizards
  8 rats
56 creatures vanquished.

Notes
Turn   | Place    | Note
-------+----------+-------------------------------------------
     0 | D:1      | dialectric the Demonspawn Fighter began the quest for the
                  | Orb.
     0 | D:1      | Reached XP level 1. HP: 18/18 MP: 1/1
   177 | D:1      | Gained mutation: You may rarely emit foul miasma when
                  | damaged in melee. [demonic ancestry]
   177 | D:1      | Reached XP level 2. HP: 19/24 MP: 2/2
   242 | D:1      | You fall into a shaft and drop 1 floor!
   737 | D:2      | Reached XP level 3. HP: 29/29 MP: 3/3
  1088 | D:3      | Reached skill level 1 in Dodging
  1088 | D:3      | Reached XP level 4. HP: 31/35 MP: 4/4
  1156 | D:3      | Found a glowing drain.
  1171 | Sewer    | Entered a sewer
  1369 | Sewer    | Reached XP level 5. HP: 8/42 MP: 5/5
  1607 | D:3      | HP: 2/42 [acid (2)]
  1704 | D:3      | Found Pagyddep's Magic Scroll Emporium.
  1727 | D:3      | Slain by an orc

Illustrated notes

Levels and vault maps discovered:
D:1:      giann_wishing_wells, layout_basic
D:2:      layout_basic, roderic_roman_lattice, hex_intersection
D:3:      layout_basic, cheibrodos_sewer_entry_bend, serial_shops, shop,
          kennysheep_minor_cross, minmay_shallow_snake_nest

Skill      XL: |  1  2  3  4 |
---------------+-------------+-----
Maces & Flails | 2 3 |  3.7
Armour         | 3 |  3.6
Dodging        | 1 |  1.8
Fighting       | |  3.8
Shields        | |  2.7

Action                     |  1- 3 |  4- 6 || total
---------------------------+-------+-------++-------
  Melee: Flail             |    87 |    94 ||   181
         Punch             |     1 |     1 ||     2
    Use: Potion            |     1 |     6 ||     7
         Scroll            |       |     3 ||     3
 Armour: Scale mail        |    66 |   123 ||   189
  Dodge: Dodged            |    55 |    80 ||   135

Table legend: (Time is in decaauts)
 A = Elapsed time spent in this place.
 B = Non-inter-level travel time spent in this place.
 C = Inter-level travel time spent in this place.
 D = Time resting spent in this place.
 E = Time spent auto-exploring this place.
 F = Levels seen in this place.
 G = Mean time per level.
                   A        B        C        D        E       F      G
               +--------+--------+--------+--------+--------+-----+--------+
         Total |   1789 |   1759 |     30 |     11 |   1219 |   4 |  447.2 |
       Dungeon |   1320 |   1290 |     30 |      0 |    925 |   3 |  440.0 |
         Sewer |    468 |    468 |      0 |     11 |    293 |   1 |  468.0 |
               +--------+--------+--------+--------+--------+-----+--------+

Top non-repeatable levels by time:
     D:2: 841 daAuts
   Sewer: 468 daAuts
     D:1: 253 daAuts
     D:3: 226 daAuts
